 Dungeon Sprint DCSS version 0.26-a0-1058-g8dc6ce00ff (webtiles) character file.

Game seed: 298444555126101283

5614 Adamkad1 the Bludgeoner (level 11, -1/87 HPs)
             Began as a Formicid Fighter on Dec 13, 2020.
             Was a Priest of Uskayaw.
             Hit by a silver javelin thrown by a merfolk javelineer (7 damage)
             ... in the Dungeon (Sprint V: "Ziggurat Sprint").
             The game lasted 00:07:44 (1377 turns).

Adamkad1 the Bludgeoner (Formicid Fighter)          Turns: 1377, Time: 00:07:44

Health: -1/87      AC: 35    Str: 24    XL:     11   Next: 3%
Magic:  14/17      EV:  2    Int:  8    God:    Uskayaw [***...]
Gold:   0          SH: 30    Dex: 19    Spells: 10/10 levels left

rFire    . . .     SeeInvis +   B - +10 dark maul {vorpal}
rCold    + + .     Faith    .   D - +18 shield of the Gong {rElec rN+ Will+ EV-5}
rNeg     + . .     Spirit   .   C - +15 Maxwell's patent armour {-Cast -Tele rElec Will+ rCorr}
rPois    .         Reflect  .   (helmet unavailable)
rElec    +         Harm     .   (no cloak)
rCorr    +         Rampage  .   F - +1 pair of gloves {Dex+3}
Will     +++..     NoCast   +   (no boots)
Stlth    ..........             (no amulet)
HPRegen  0.24/turn              E - ring "Miella Muargh" {rC++ AC+4}
MPRegen  0.15/turn              v - +6 ring of dexterity

@: lethally poisoned (-1 -> -1), lightly drained, very slow
A: permanent stasis, dig shafts and tunnels, four strong arms, antennae 3
a: Dig, Stomp, Line Pass, Renounce Religion


You were in the Dungeon.
You worshipped Uskayaw.
Uskayaw was aware of your devotion.
You visited 1 branch

Inventory:

Hand Weapons
 a - the +10 flail of Ablather {vorpal, rC+ Int+3}
   (You found it in the Dungeon)

   It inflicts extra damage upon your enemies.
   It affects your intelligence (+3).
   It protects you from cold.
 B - the +10 dark maul (weapon) {vorpal}
   (You found it in the Dungeon)

   It inflicts extra damage upon your enemies.
Armour
 C - the +15 Maxwell's patent armour (worn) {-Cast -Tele rElec Will+ rCorr}
   (You found it in the Dungeon)

   It insulates you from electricity.
   It affects your willpower, your defense against some magical effects.
   It prevents spellcasting.
   It prevents most forms of teleportation.
   It provides partial protection from all sources of acid and corrosion.
 D - the +18 shield of the Gong (worn) {rElec rN+ Will+ EV-5}
   (You found it in the Dungeon)

   It affects your evasion (-5).
   It insulates you from electricity.
   It protects you from negative energy.
   It affects your willpower, your defense against some magical effects.
 F - a +1 pair of gloves of dexterity (worn)
Jewellery
 c - an uncursed ring of protection from fire
 u - an uncursed ring of flight
 v - a +6 ring of dexterity (right hand)
 w - a +6 ring of dexterity
 x - a +6 ring of intelligence
 y - a +6 ring of intelligence
 z - a +6 ring of strength
 A - a +6 ring of strength
 E - the ring "Miella Muargh" (left hand) {rC++ AC+4}
   (You found it in the Dungeon)

   [ring of protection]

   It affects your AC (+4).
   It greatly protects you from cold.
 G - an uncursed ring of protection from cold
 H - an uncursed ring of ice
 J - a +4 ring of evasion
 K - the brooch of Shielding {Spirit SH+8}
   (You found it in the Dungeon)

   [amulet of guardian spirit]

   It causes incoming damage to be split between your health and magic.
   It affects your SH (+8).
Wands
 r - a wand of disintegration (7)
 s - a wand of iceblast (7)
 t - a wand of acid (7)
Scrolls
 l - 4 scrolls of amnesia
 m - 7 scrolls of fog
 n - a scroll of holy word
 o - 5 scrolls of identify
 p - 5 scrolls of remove curse
 q - 2 scrolls of fear
 I - a scroll of brand weapon
Potions
 d - 5 potions of might
 e - 8 potions of curing
 f - 5 potions of heal wounds
 g - 7 potions of magic
 h - 2 potions of brilliance
 i - 2 potions of invisibility
 j - 4 potions of resistance
Miscellaneous
 b - a phial of floods
 k - a tin of tremorstones (2/2)


   Skills:
 - Level 8.6(8.5) Fighting
 * Level 19.1(18.9) Maces & Flails
 - Level 8.9(8.8) Armour
 - Level 9.4(9.3) Shields
 - Level 8.6(8.5) Invocations


You had 10 spell levels left.
You didn't know any spells.
Your spell library contained the following spells:

 Spells                   Type           Power        Failure   Level
 Sandblast                Erth           #.....       99%         1
 Shock                    Conj/Air       #...         99%         1
 Leda's Liquefaction      Hex/Erth       #.........   100%        4
 Alistair's Intoxication  Tmut/Pois      #........    100%        5
 Bolt of Magma            Conj/Fire/Erth #.........   100%        5
 Borgnjor's Vile Clutch   Necr/Erth      #.........   100%        5
 Lightning Bolt           Conj/Air       #.........   100%        5
 Iron Shot                Conj/Erth      #.........   100%        6
 Statue Form              Tmut/Erth      #........    100%        6
 Shatter                  Erth           #.........   100%        9
 Tornado                  Air            #.........   100%        9


Dungeon Overview and Level Annotations

Branches:
Dungeon (1/1)

Altars:
Ashenzari
Cheibriados
Dithmenos
Elyvilon
Fedhas
Gozag
Hepliaklqana
Kikubaaqudgha
Makhleb
Nemelex Xobeh
Okawaru
Qazlal
Ru
Sif Muna
Trog
Uskayaw
Vehumet
Wu Jian
Xom
Yredelemnul
Zin
The Shining One
Beogh
Jiyva
Lugonu

Annotations:
D 1 transporter


Innate Abilities, Weirdness & Mutations

You cannot be hasted, slowed, berserked, paralysed or teleported.
You can dig through walls and to a lower floor.
Your four strong arms can wield two-handed weapons with a shield.
You have a pair of large antennae on your head. (SInv)


Message History

The manticore bites you but does no damage.
You block the manticore's attack.
PANG!
The manticore claws you but does no damage.
The manticore flicks its tail.
The volley of spikes hits you but does no damage.
You block the merfolk javelineer's attack.
PANG!
You block the alligator snapping turtle's attack.
GONNNNG!
The merfolk aquamancer casts a spell at you.
You block the torrent of water.
GONNNNG!
The wave splashes down.
Splash!
You fall into the shallow water.
Moving in this stuff is going to be slow.
The merfolk javelineer throws a silver javelin.
The silver javelin pierces through you!
You die...

▓.▓.†...▓.▓.......▓
▓....©....▓...©...▓
▓▓▓▓▓▓▓▓▓▓▓▓▓▓▓▓▓▓▓▓▓
▓..≈8©8..≈▓...8©8...▓
{
▓≈≈[}||).≈▓..}.||...▓
▓..[))=)..▓...)[.}..▓
▓..mHm..≈≈▓.........▓
▓..m)tm.≈.▓...))....▓
▓(≈.@H≈..≈▓...)))...▓
▓..≈≈m..≈.▓...).)...▓
▓.........▓.▓...).▓.▓
▓.▓...≈.▓≈▓....©....▓
▓≈.(≈©(.(.▓▓▓▓▓▓▓▓▓▓▓
▓▓▓▓▓▓▓▓▓▓▓


{{{{{{{{ {{{{{{{{{ { {{{{{{{{{{{{{{{{{ You could see an alligator snapping
turtle, 3 merfolk javelineers, a merfolk aquamancer, 2 manticores and a merfolk
siren.

Vanquished Creatures
  A great orb of eyes (D)
  A merfolk aquamancer (D)
  A naga mage (D)
  A black mamba (D)
  2 jumping spiders (D)
  5 merfolk (D)
  An air elemental (D)
  A tarantella (D)
  2 nagas (D)
  A large abomination (D)
  3 insubstantial wisps (D)
  A hell hound (D)
  5 orc warriors (D)
  2 necrophages (D)
  5 scorpions (D)
  A crimson imp (D)
  4 orc priests (D)
  2 orc wizards (D)
  2 quasits (D)
  2 iron imps (D)
  2 ufetubi (D)
  2 adder zombies (D)
  5 orcs (D)
  A bat zombie (D)
  2 ball pythons (D)
  A leopard gecko skeleton (D)
56 creatures vanquished.

Notes
Turn   | Place    | Note
-------+----------+-------------------------------------------
     0 | D        | Adamkad1 the Formicid Fighter began the quest for the Orb.
     0 | D        | Reached XP level 1. HP: 18/18 MP: 1/1
     0 | D        | Found a shimmering blue altar of Sif Muna.
     0 | D        | Found a bloodstained altar of Trog.
     0 | D        | Found a sacrificial altar of Ru.
     0 | D        | Found a stormy altar of Qazlal.
     0 | D        | Found an iron altar of Okawaru.
     1 | D        | Found a sparkling altar of Nemelex Xobeh.
     1 | D        | Found a blossoming altar of Fedhas.
     2 | D        | Found the +6 Majin-Bo {vamp, MP+6 Int+6}
     2 | D        | Found the +9 heavy crossbow "Sniper" {vorpal, Acc+∞ SInv}
     2 | D        | Found the +10 dark maul {vorpal}
     2 | D        | Found the +15 Maxwell's patent armour {-Cast -Tele rElec
                  | Will+ rCorr}
     2 | D        | Found the +18 shield of the Gong {rElec rN+ Will+ EV-5}
     2 | D        | Found the cursed +14 obsidian axe {vorpal, +Fly SInv
                  | *Curse}
     2 | D        | Found the +7 great mace "Firestarter" {inner flame, rF++}
     2 | D        | Found the +6 shillelagh "Devastator" {shatter}
     2 | D        | Found the +11 plutonium sword {*Contam Stlth-}
     2 | D        | Found the +8 lance "Wyrmbane" {slay drac, rPois rF+ rC+
                  | AC+3}
     2 | D        | Found the +9 sword of Zonguldrok {reap}
     2 | D        | Found the cursed +13 scythe of Curses {drain, *Curse}
     2 | D        | Found the +0 sword of Power
     2 | D        | Found the +7 mace of Variability {chain chaos}
     2 | D        | Found the +7 Singing Sword {vorpal, sonic wave}
     2 | D        | Found the +8 storm bow {elec, penet}
     3 | D        | Found a transporter.
     3 | D        | Found an ancient bone altar of Kikubaaqudgha.
     3 | D        | Found a viscous altar of Jiyva.
     3 | D        | Found a corrupted altar of Lugonu.
     3 | D        | Found a hazy altar of Hepliaklqana.
     3 | D        | Found a burning altar of Makhleb.
     3 | D        | Found an opulent altar of Gozag.
     5 | D        | Banished a spatial maelstrom
    23 | D        | Banished a spatial maelstrom
    61 | D        | Became a worshipper of Uskayaw the Reveller
    76 | D        | Reached skill level 7 in Maces & Flails
    76 | D        | Reached XP level 2. HP: 24/24 MP: 2/2
    83 | D        | Entered arena 2.
    83 | D        | Noticed a necrophage
    83 | D        | Noticed a necrophage
    83 | D        | Found a transporter.
    85 | D        | Reached * piety under Uskayaw
    86 | D        | Killed a necrophage
    87 | D        | Reached skill level 8 in Maces & Flails
    87 | D        | Reached XP level 3. HP: 31/31 MP: 2/5
    87 | D        | Reached XP level 4. HP: 38/38 MP: 2/6
    87 | D        | Reached XP level 5. HP: 43/43 MP: 2/7
    88 | D        | Killed a necrophage
    88 | D        | Reached ** piety under Uskayaw
    89 | D        | Reached skill level 5 in Fighting
    89 | D        | Reached skill level 9 in Maces & Flails
    89 | D        | Reached skill level 5 in Armour
    89 | D        | Reached skill level 5 in Shields
   140 | D        | Entered arena 3.
   140 | D        | Found a transporter.
   143 | D        | Reached XP level 6. HP: 50/51 MP: 9/9
   255 | D        | Got the +10 flail of Ablather {vorpal, rC+ Int+3}
   267 | D        | Entered arena 4.
   267 | D        | Noticed an air elemental
   267 | D        | Noticed an insubstantial wisp
   267 | D        | Noticed an insubstantial wisp
   267 | D        | Noticed an insubstantial wisp
   267 | D        | Found a transporter.
   269 | D        | Killed an air elemental
   270 | D        | Reached skill level 10 in Maces & Flails
   270 | D        | Reached skill level 5 in Invocations
   270 | D        | Reached XP level 7. HP: 58/59 MP: 9/11
   271 | D        | Killed an insubstantial wisp
   271 | D        | Reached *** piety under Uskayaw
   272 | D        | Killed an insubstantial wisp
   273 | D        | Reached skill level 11 in Maces & Flails
   276 | D        | Killed an insubstantial wisp
   276 | D        | Reached **** piety under Uskayaw
   277 | D        | Reached XP level 8. HP: 64/67 MP: 11/13
   298 | D        | Got Utyhod's Compendium of Flight and the Rocks
   300 | D        | Got the Incunabulum of Dusty Intoxication
   305 | D        | Entered arena 5.
   305 | D        | Noticed a merfolk
   305 | D        | Noticed a merfolk
   305 | D        | Noticed a merfolk
   305 | D        | Noticed a merfolk
   305 | D        | Found a transporter.
   306 | D        | Identified the cursed +2 mace "Ogreslayer" {venom, rElec
                  | rPois rN+ Str+4}
   319 | D        | Killed a merfolk
   321 | D        | Killed a merfolk
   322 | D        | Reached skill level 12 in Maces & Flails
   325 | D        | Killed a merfolk
   326 | D        | Killed a merfolk
   326 | D        | Reached ***** piety under Uskayaw
   327 | D        | Reached XP level 9. HP: 36/75 MP: 13/15
   511 | D        | Entered arena 6.
   511 | D        | Found a transporter.
   514 | D        | Reached skill level 13 in Maces & Flails
   533 | D        | Entered arena 7.
   533 | D        | Noticed a great orb of eyes
   534 | D        | Found a transporter.
   537 | D        | Killed a great orb of eyes
   538 | D        | Reached skill level 14 in Maces & Flails
   539 | D        | Reached skill level 15 in Maces & Flails
   555 | D        | Got the ring "Miella Muargh" {rC++ AC+4}
   564 | D        | Entered arena 8.
   564 | D        | Noticed a black mamba
   564 | D        | Noticed a naga mage
   565 | D        | Found a transporter.
   568 | D        | Killed a black mamba
   569 | D        | Reached XP level 10. HP: 82/82 MP: 16/16
   574 | D        | Killed a naga mage
   575 | D        | Reached skill level 16 in Maces & Flails
  1073 | D        | Entered arena 9.
  1074 | D        | Found the +4 moon troll leather armour {Spirit, Regen++
                  | MP+5}
  1074 | D        | Found a transporter.
  1079 | D        | Reached skill level 17 in Maces & Flails
  1096 | D        | Entered arena 10.
  1097 | D        | Found a transporter.
  1106 | D        | Reached skill level 18 in Maces & Flails
  1173 | D        | Entered arena 11.
  1174 | D        | Found the brooch of Shielding {Spirit SH+8}
  1174 | D        | Identified the +6 hunting sling of Wuec {vorpal, Int+3}
  1174 | D        | Found a transporter.
  1367 | D        | Entered arena 12.
  1367 | D        | Noticed a manticore
  1367 | D        | Noticed a merfolk javelineer
  1367 | D        | Noticed a merfolk javelineer
  1367 | D        | Noticed a merfolk siren
  1368 | D        | Noticed an alligator snapping turtle
  1368 | D        | Noticed a merfolk javelineer
  1368 | D        | Noticed a merfolk aquamancer
  1368 | D        | Noticed a manticore
  1368 | D        | Noticed a merfolk aquamancer
  1369 | D        | Found a transporter.
  1373 | D        | Killed a merfolk aquamancer
  1374 | D        | Reached skill level 19 in Maces & Flails
  1374 | D        | Reached XP level 11. HP: 12/87 MP: 17/17
  1377 | D        | Hit by a silver javelin thrown by a merfolk javelineer

Illustrated notes

Levels and vault maps discovered:
D:        sprint_v [room_start, room_1, room_2, room_3, room_4, room_5, room_6,
          room_7, room_8, room_9, room_10, room_11, room_12, room_13, room_14,
          room_15, room_16, room_17, room_18, room_19, room_20, room_21,
          room_22, room_23, room_24, room_25, room_26, room_27]

Skill      XL: |  1  2  3  4  5  6  7  8  9 10 |
---------------+-------------------------------+-----
Maces & Flails | 7 8 9 10 11 12 15 19 | 19.1
Fighting       | 4 5 6 7 8 |  8.6
Armour         | 4 5 6 7 8 |  8.9
Shields        | 4 5 6 8 9 |  9.4
Invocations    | 3 4 5 7 8 |  8.6

Action                   |  1- 3 |  4- 6 |  7- 9 | 10-12 || total
-------------------------+-------+-------+-------+-------++-------
Melee: Maul              |     2 |    11 |    39 |    41 ||    93
Invok: Stomp             |       |       |     1 |     1 ||     2
       Line Pass         |       |       |       |     1 ||     1
  Use: Potion            |     1 |       |     6 |     2 ||     9
 Stab: Paralysed         |       |       |     4 |     8 ||    12
Armor: Plate armour      |     3 |    47 |    60 |   113 ||   223
Dodge: Dodged            |       |     1 |     5 |     8 ||    14
Block: Kite shield       |     7 |    38 |   132 |   143 ||   320

Table legend: (Time is in decaauts)
 A = Elapsed time spent in this place.
 B = Non-inter-level travel time spent in this place.
 C = Inter-level travel time spent in this place.
 D = Time resting spent in this place.
 E = Time spent auto-exploring this place.
 F = Levels seen in this place.
 G = Mean time per level.
                   A        B        C        D        E       F      G
               +--------+--------+--------+--------+--------+-----+--------+
         Total |   1493 |   1493 |      0 |   1010 |      0 |   1 | 1493.0 |
       Dungeon |   1493 |   1493 |      0 |   1010 |      0 |   1 | 1493.0 |
               +--------+--------+--------+--------+--------+-----+--------+

Top non-repeatable levels by time:
       D: 1493 daAuts
